 Dungeon Crawl Stone Soup version 0.25-a0-42-g6c54e25 (webtiles) character file.

Game seed: 15994235492826558706, levelgen mode: deterministic

91 Balder the Cudgeler (level 4, -8/35 HPs)
             Began as a Human Berserker on Oct 22, 2019.
             Was a Believer of Trog.
             Splashed by a jelly's acid (10 damage)
             ... on level 2 of the Dungeon.
             The game lasted 00:08:57 (2188 turns).

Balder the Cudgeler (Human Berserker)               Turns: 2188, Time: 00:08:59

Health: -8/35      AC:  2    Str: 19    XL:     4   Next: 88%
Magic:  4/4        EV: 12    Int:  7    God:    Trog [**....]
Gold:   71         SH:  0    Dex: 12    Spells: 3/3 levels left

rFire    . . .     SeeInvis .   a - +0 mace
rCold    . . .     Gourm    .   (no shield)
rNeg     . . .     Faith    .   b - +0 animal skin
rPois    .         Spirit   .   (no helmet)
rElec    .         Reflect  .   (no cloak)
rCorr    .         Harm     .   (no gloves)
MR       .....                  (no boots)
Stlth    +.........             (no amulet)
HPRegen  0.11/turn              (no ring)
MPRegen  0.09/turn              (no ring)

@: lightly drained
A: no striking features
a: Berserk, Trog's Hand, Renounce Religion


You were on level 2 of the Dungeon.
You worshipped Trog.
Trog was pleased with you.
You were not hungry.

You visited 1 branch of the dungeon, and saw 2 of its levels.

You collected 71 gold pieces.

Inventory:

Hand Weapons
 a - a +0 mace (weapon)
 h - a +1 short sword of draining
 o - a +2 dagger of venom
Armour
 b - a +0 animal skin (worn)
Jewellery
 l - an uncursed ring of protection from cold {unknown}
Scrolls
 f - 2 scrolls of identify {unknown}
 g - a scroll of teleportation {unknown}
 i - a scroll of magic mapping {unknown}
Potions
 e - a potion of resistance {unknown}
 j - a potion of haste {unknown}
 k - a potion of agility {unknown}
 m - a potion of ambrosia {unknown}
 n - a potion of lignification {unknown}
Comestibles
 c - 4 rations


   Skills:
 * Level 3.4(2.9) Fighting
 * Level 4.1(3.6) Maces & Flails
 * Level 2.3(1.8) Armour
 * Level 2.6(2.1) Dodging
 * Level 1.0(0.5) Stealth


You had 3 spell levels left.
You didn't know any spells.
Your spell library was empty.

Dungeon Overview and Level Annotations

Branches:
Dungeon (2/15)

Altars:
Ashenzari


Message History

You sock the jelly!
Your hands burn!
The jelly is heavily wounded.
The jelly hits you. The acid corrodes you!
You are splashed with acid!
The jelly hits you.
You are splashed with acid!
* * * LOW HITPOINT WARNING * * *
You hit the jelly but do no damage.
Your hands burn!
* * * LOW HITPOINT WARNING * * *
The jelly is heavily wounded.
The jelly barely misses you.
You see here 22 arrows.
Found a ration.
You are no longer corroded.
There is a stone staircase leading up here.
You sock the jelly!
Your hands burn!
* * * LOW HITPOINT WARNING * * *
The jelly is almost dead.
The jelly misses you. The jelly hits you.
* * * LOW HITPOINT WARNING * * *
You are splashed with acid!
You die...

##########
#.......$#
#........#
#........#
#..[.....#
#@J....(.#
#........#
#........#
###..#.### #.##.#
#.##.# #.##.## #
#.##..#######.#
###.###..>......#


You could see a jelly.

Vanquished Creatures
  3 adders (D:2)
  An ooze (D:2)
  2 dart slugs (D:1)
  2 leopard geckos
  5 bats (D:1)
  6 giant cockroaches
  9 goblins
  4 hobgoblins
  4 jackals (D:2)
  4 frilled lizards
  7 kobolds
  3 rats (D:1)
50 creatures vanquished.

Notes
Turn   | Place    | Note
-------+----------+-------------------------------------------
     0 | D:1      | Balder the Human Berserker began the quest for the Orb.
     0 | D:1      | Reached XP level 1. HP: 18/18 MP: 1/1
   240 | D:1      | Reached XP level 2. HP: 24/24 MP: 2/2
   445 | D:1      | Reached XP level 3. HP: 25/29 MP: 3/3
   668 | D:1      | Reached ** piety under Trog
  1494 | D:2      | Reached XP level 4. HP: 27/35 MP: 4/4
  1663 | D:2      | Reached skill level 4 in Maces & Flails
  1697 | D:2      | Found a shattered altar of Ashenzari.
  1729 | D:2      | Found a faded altar of an unknown god.
  2095 | D:2      | Reached skill level 1 in Stealth
  2188 | D:2      | Splashed by a jelly's acid

Levels and vault maps discovered:
D:1:      tarquinn_simple_flora_water_f, layout_basic,
          hangedman_decor_peaks_small, serial_bayou_pond_d
D:2:      layout_rooms, ashenzari_conservatory_becter, marbit_many_paths,
          chequers_ecumenical_altar_island

Skill      XL: |  1  2  3  4 |
---------------+-------------+-----
Maces & Flails | 4 |  4.1
Stealth        | 1 |  1.0
Fighting       | |  3.4
Armour         | |  2.3
Dodging        | |  2.6

Action                   |  1- 3 |  4- 6 || total
-------------------------+-------+-------++-------
Melee: Mace              |   109 |    64 ||   173
Invok: Trog's Hand       |     1 |       ||     1
  Eat: Chunk             |     2 |     3 ||     5
Armor: Animal skin       |    36 |    11 ||    47
Dodge: Dodged            |    84 |    45 ||   129

Table legend:
 A = Non-vault XP
 B = Vault XP
 C = Vault XP percentage of total XP
 D = Non-vault monster count
 E = Vault monster count
 F = Vault count percentage of total count
                 A         B        C        D         E       F
            +---------+---------+-------+---------+---------+-------
      Total |     131 |       0 |   0.0 |      50 |       0 |   0.0
            +---------+---------+-------+---------+---------+-------
        D:1 |      54 |       0 |   0.0 |      31 |       0 |   0.0
        D:2 |      77 |       0 |   0.0 |      19 |       0 |   0.0
            +---------+---------+-------+---------+---------+-------
